 Dungeon Crawl Stone Soup version 0.19.5 (webtiles) character file.

162 Regynild the Shield-Bearer (level 5, -2/42 HPs)
             Began as a Human Fighter on Mar 28, 2017.
             Was a Follower of Fedhas.
             Slain by a gnoll
             ... wielding a +0 spear
              (5 damage)
             ... on level 3 of the Dungeon.
             The game lasted 00:44:25 (2087 turns).

Regynild the Shield-Bearer (Human Fighter)          Turns: 2087, Time: 00:44:26

Health: -2/42      AC:  2    Str: 17    XL:     5   Next: 71%
Magic:  5/5        EV:  9    Int:  9    God:    Fedhas [*.....]
Gold:   120        SH:  9    Dex: 12    Spells: 1 memorised, 1 level left

rFire  . . .     SeeInvis .     e - +0 short sword (venom)
rCold  . . .     Gourm    .     k - -2 leather armour (curse)
rNeg   . . .     Faith    .     c - +0 shield
rPois  .         Spirit   .     l - +0 helmet
rElec  .         Reflect  .     (no cloak)
rCorr  .         Harm     .     (no gloves)
MR     .....                    (no boots)
Stlth  +.........               (no amulet)
                                (no ring)
                                (no ring)

@: very slightly contaminated
A: no striking features
a: Fungal Bloom, Evolution, Renounce Religion


You were on level 3 of the Dungeon.
You worshipped Fedhas.
Fedhas was aware of your devotion.
You were not hungry.

You visited 1 branch of the dungeon, and saw 3 of its levels.

You collected 120 gold pieces.

Inventory:

Hand Weapons
 a - a +0 long sword
 e - a +0 short sword of venom (weapon)
 g - a +0 falchion
Missiles
 h - 21 poisoned needles
Armour
 b - a +0 scale mail
 c - a +0 shield (worn)
 k - a cursed -2 leather armour (worn)
 l - a +0 helmet (worn)
 m - a +0 robe
 r - a +0 plate armour
Scrolls
 f - a scroll of blinking
 j - 2 scrolls of remove curse {unknown}
 o - a scroll of noise {unknown}
 p - 2 scrolls of identify
 q - a scroll of enchant armour {unknown}
Books
 i - a book of Misfortune

   Spells                             Type                      Level
   a - Confusing Touch                Hexes                        1
   b - Confuse                        Hexes                        3
   c - Gell's Gravitas                Hexes/Translocation          3
   d - Petrify                        Transmutation/Earth          4
   e - Metabolic Englaciation         Hexes/Ice                    5
   f - Yara's Violent Unravelling     Hexes/Transmutation          5
Comestibles
 d - 2 chunks of flesh
 n - a bread ration


   Skills:
 + Level 3.8 Fighting
 - Level 1.3(2.1) Short Blades
 + Level 2.6(2.8) Long Blades
 + Level 3.8 Armour
 - Level 1.0 Dodging
 + Level 3.9 Shields


You had one spell level left.
You knew the following spells:

 Your Spells              Type           Power        Failure   Level  Hunger
a - Confuse               Hex            #.......     100%        3    ####...


Dungeon Overview and Level Annotations

Branches:
Dungeon (3/15)

Altars:
Dithmenos
Fedhas

Annotations:
D:3 Agorwal's ghost, amateur MiFi


Message History

You block the gnoll's attack. x2
Blink to where?
Press: ? - help, Dir - move target cursor You are very lightly contaminated with residual magic.
As you read the scroll labeled PYRUXK WEORPH, it crumbles to dust.
It was a scroll of blinking.
An adder and a goblin come into view.
You block the gnoll's attack. Agorwal's ghost hits you!
* * * LOW HITPOINT WARNING * * *
The adder hisses angrily.
You hit Agorwal's ghost but do no damage.
The gnoll looks more healthy.
The gnoll hits you from afar with a spear.
* * * LOW HITPOINT WARNING * * *
You block Agorwal's ghost's attack.
You hit Agorwal's ghost.
Agorwal's ghost is lightly damaged.
The gnoll hits you from afar with a spear.
You die...
Fedhas appreciates your contribution to the ecosystem.

###[####...###..##.####..#
.....<###### ##...## ###
.##..##.# ##.## .....##.#
...# #...##.# Z...##
##...##.# #....# .....##.#
)#..# ###.....##
#########.###
#......###(ggW@.......
#####[...f§###......##
##.......(# #g.....#
##........(# #......#
#..÷###...## #S.....#
#..##.##..# .......#
##.#._.#.## ....##.#
#....((.# ....# ..
##.....##


You could see Agorwal's ghost, 2 gnolls, an adder, a goblin and a friendly
wandering mushroom.

Vanquished Creatures
  Ijyb (D:2)
  Natasha (D:2)
  Robin (D:2)
  2 oozes
  2 worms
  3 fire bats (D:3)
  A leopard gecko (D:2)
  3 orcs (D:3)
  2 spectral bats (D:3)
  2 bat skeletons (D:3)
  A bat zombie (D:3)
  3 giant cockroaches
  14 goblins
  3 hobgoblins (D:2)
  3 jackals (D:2)
  2 quokkas (D:2)
  11 bats
  A bat simulacrum (D:3)
  A frilled lizard (D:2)
  2 kobolds (D:2)
  7 rats
66 creatures vanquished.

Vanquished Creatures (collateral kills)
  A gnoll (D:3)
1 creature vanquished.

Vanquished Creatures (others)
  19 toadstools
19 creatures vanquished.

Grand Total: 86 creatures vanquished

Notes
Turn   | Place    | Note
-------+----------+-------------------------------------------
     0 | D:1      | Regynild the Human Fighter began the quest for the Orb.
     0 | D:1      | Reached XP level 1. HP: 18/18 MP: 1/1
   167 | D:1      | You fall through a shaft!
   175 | D:2      | Noticed Ijyb
   216 | D:2      | Reached XP level 2. HP: 12/24 MP: 2/2
   230 | D:2      | Found a blossoming altar of Fedhas.
   232 | D:2      | Killed Ijyb
   232 | D:2      | Reached XP level 3. HP: 11/29 MP: 3/3
   245 | D:2      | Noticed Robin
   250 | D:2      | Killed Robin
   250 | D:2      | Reached XP level 4. HP: 12/35 MP: 4/4
   506 | D:2      | Became a worshipper of Fedhas Madash
   970 | D:2      | Noticed Natasha
   980 | D:2      | Killed Natasha
   980 | D:2      | Reached skill level 1 in Short Blades
   980 | D:2      | Reached XP level 5. HP: 13/42 MP: 5/5
  1226 | D:2      | Reached skill level 1 in Dodging
  1963 | D:3      | Reached * piety under Fedhas
  2015 | D:3      | Learned a level 3 spell: Confuse
  2031 | D:3      | Found a shadowy altar of Dithmenos.
  2081 | D:3      | Noticed Agorwal's ghost (amateur MiFi)
  2087 | D:3      | Slain by a gnoll

Skill      XL: |  1  2  3  4  5 |
---------------+----------------+-----
Short Blades   | 1 |  1.3
Dodging        | 1 |  1.0
Fighting       | |  3.8
Long Blades    | |  2.6
Armour         | |  3.8
Shields        | |  3.9

Action                   |  1- 3 |  4- 6 || total
-------------------------+-------+-------++-------
Melee: Short sword       |    47 |   194 ||   241
Invok: Fungal Bloom      |       |    18 ||    18
       Evolution         |       |     1 ||     1
  Use: Scroll            |     1 |     2 ||     3
       Potion            |       |     5 ||     5
  Eat: Bread ration      |       |     1 ||     1
       Chunk             |       |     1 ||     1
Armor: Scale mail        |    35 |     5 ||    40
       Leather armour    |       |    50 ||    50
       Skin              |       |   143 ||   143
Dodge: Dodged            |    13 |    89 ||   102
Block: Shield            |    27 |   162 ||   189
